 Dungeon Crawl Stone Soup version 0.26-a0-42-g4f27934 (webtiles) character file.

Game seed: 11310933347104644690

2330 Faca the Fighter (level 9, -1/76 HPs)
             Began as a Mummy Fighter on June 1, 2020.
             Was an Initiate of Gozag.
             Slain by Prince Ribbit (4 damage)
             ... on level 7 of the Dungeon.
             The game lasted 00:14:24 (6634 turns).

Faca the Fighter (Mummy Fighter)                    Turns: 6634, Time: 00:14:24

Health: -1/76      AC: 16    Str: 26    XL:     9   Next: 19%
Magic:  9/9        EV:  7    Int:  7    God:    Gozag
Gold:   733        SH: 14    Dex: 14    Spells: 8/8 levels left

rFire    x . .     SeeInvis .   a - +0 flail
rCold    + . .     Gourm    .   c - +0 kite shield
rNeg     + + +     Faith    .   r - +6 scale mail of Oppid {+Blink rC- Str+3 Dex+3}
rPois    ∞         Spirit   .   o - +0 helmet
rElec    .         Reflect  +   l - +2 cloak
rCorr    +         Harm     .   (no gloves)
MR       +....                  (no boots)
Stlth    ..........             f - amulet of reflection
HPRegen  0.22/turn              q - ring of resist corrosion
MPRegen  0.11/turn              p - ring of protection from cold

@: gold aura
A: no food or potions, fire vulnerability, cold resistance 1, negative energy
resistance 3, torment resistance, unbreathing
a: Potion Petition, Call Merchant, Bribe Branch, Renounce Religion, Evoke Blink


You were on level 7 of the Dungeon.
You worshipped Gozag.
Gozag was pleased with you.
You were not hungry.

You visited 2 branches of the dungeon, and saw 9 of its levels.

You collected 765 gold pieces.
You paid 32 gold pieces to Gozag.

Inventory:

Hand Weapons
 a - a +0 flail (weapon)
Missiles
 k - 8 javelins (quivered)
Armour
 c - a +0 kite shield (worn)
 l - a +2 cloak (worn)
 o - a +0 helmet (worn)
 r - the +6 scale mail of Oppid (worn) {+Blink rC- Str+3 Dex+3}
   (You found it on level 6 of the Dungeon)

   It affects your strength (+3).
   It affects your dexterity (+3).
   It makes you vulnerable to cold.
   It lets you blink.
Jewellery
 f - an amulet of reflection (around neck)
 p - a ring of protection from cold (right hand)
 q - a ring of resist corrosion (left hand)
Wands
 s - a wand of enslavement (1)
 t - a wand of digging (7)
Scrolls
 b - a scroll of fear
 d - 9 scrolls of remove curse
 e - 2 scrolls of immolation
 g - 3 scrolls of fog
 h - a scroll of enchant armour
 i - 3 scrolls of identify
 j - 7 scrolls of teleportation
 m - a scroll of enchant weapon
 n - 3 scrolls of magic mapping


   Skills:
 + Level 9.2 Fighting
 + Level 7.5 Maces & Flails
 - Level 2.4 Armour
 - Level 2.4 Shields


You had 8 spell levels left.
You didn't know any spells.
Your spell library was empty.

Dungeon Overview and Level Annotations

Branches:
Dungeon (8/15)             Temple (1/1) D:4
   Lair: D:8-11

Altars:
Ashenzari
Dithmenos
Elyvilon
Fedhas
Gozag
Hepliaklqana
Kikubaaqudgha
Makhleb
Nemelex Xobeh
Okawaru
Ru
Sif Muna
Trog
Uskayaw
Vehumet
Xom
Yredelemnul
Zin
The Shining One

Annotations:
D:2 1 runed translucent door, Crazy Yiuf
D:7 Prince Ribbit


Innate Abilities, Weirdness & Mutations

You do not eat or drink.
Your flesh is vulnerable to fire.
You are immune to poison.
Your flesh is cold resistant. (rC+)
You are immune to negative energy. (rN+++)
You are immune to unholy pain and torment.
You can survive without breathing.


Message History

The ice beast is heavily wounded.
Prince Ribbit blinks!
The ice beast hits you. The ice beast freezes you. You resist.
You block the ice beast's attack.
You thump the ice beast!
You kill the ice beast!
Prince Ribbit barely misses you. You block Prince Ribbit's attack.
Prince Ribbit barely misses you.
You see here 16 gold pieces.
You miss Prince Ribbit. Prince Ribbit hits you!
* * * LOW HITPOINT WARNING * * *
You bludgeon Prince Ribbit!!
Prince Ribbit is heavily wounded.
Prince Ribbit hits you!
* * * LOW HITPOINT WARNING * * *
You block Prince Ribbit's attack.
You barely miss Prince Ribbit.
Prince Ribbit is heavily wounded.
Prince Ribbit hits you.
You die...
Your body crumbles into a pile of gold.

#........##.........# #.
(!.............[....############.
#.......####).......##...........
........# #.........###.########.
..#.....###(###########.# #.
....).......# #(......#.# #######
!.#########.# #.......#.# #......
..# #......# #.[>....#.# #>#####
..# #......# #.@F[...#.# #.##...
.### #.<....###.......#.# #.#....
...# ###.##...'.......#.# #.#....
.#.#####....###...!...#.###.#....
.#.##.....### #...........#.#.###
.#.##.....# ######.####.#.#.###
#####.....# #.# #.#>#.#..
....'(!...##########.# #.#.#....
#####.....##.........# #.#.###.#


You could see Prince Ribbit.

Vanquished Creatures
  Grinder (D:6)
  A black bear (D:4)
  An orc warrior (D:7)
  3 ice beasts
  A sky beast (D:5)
  A phantom (D:7)
  An ogre (D:4)
  3 centaurs
  A wyvern zombie (D:6)
  4 bullfrogs (D:7)
  A scorpion (D:5)
  A howler monkey (D:7)
  A crimson imp (D:6)
  4 bullfrog zombies
  2 hounds
  A jelly (D:5)
  2 bullfrog skeletons
  3 centaur skeletons
  An orc wizard (D:3)
  2 iguanas
  2 worker ants
  2 hound zombies (D:6)
  A hound skeleton (D:7)
  A howler monkey zombie (D:7)
  3 worker ant zombies (D:6)
  3 gnolls
  A howler monkey skeleton (D:4)
  2 adders
  A shadow imp (D:5)
  An ooze (D:7)
  2 adder zombies (D:6)
  An adder skeleton (D:4)
  2 dart slugs (D:3)
  2 worms (D:2)
  9 leopard geckos
  9 orcs
  5 giant cockroaches
  6 goblins
  8 hobgoblins
  5 kobolds
  A quokka (D:3)
  3 ball pythons
  8 bats
  12 frilled lizards
  A leopard gecko skeleton (D:6)
  A leopard gecko zombie (D:6)
  A quokka skeleton (D:5)
  5 rats
133 creatures vanquished.

Notes
Turn   | Place    | Note
-------+----------+-------------------------------------------
     0 | D:1      | Faca the Mummy Fighter began the quest for the Orb.
     0 | D:1      | Reached XP level 1. HP: 18/18 MP: 1/1
   193 | D:1      | Reached XP level 2. HP: 21/24 MP: 2/2
   350 | D:1      | You fall into a shaft and drop 1 floor!
   504 | D:1      | Reached XP level 3. HP: 29/29 MP: 3/3
   748 | D:2      | Found a bloodstained altar of Trog.
   922 | D:2      | Found a radiant altar of Vehumet.
  1050 | D:2      | Found a runed translucent door.
  1051 | D:2      | Noticed Crazy Yiuf
  1127 | D:2      | Found a hazy altar of Hepliaklqana.
  1130 | D:2      | Found a shimmering altar of Xom.
  1131 | D:2      | Noticed a spectral ugly thing
  1326 | D:3      | Found a faded altar of an unknown god.
  1342 | D:3      | Reached skill level 4 in Fighting
  1412 | D:3      | Found a glowing golden altar of the Shining One.
  1592 | D:3      | Found an ancient bone altar of Kikubaaqudgha.
  1632 | D:3      | Reached XP level 4. HP: 37/37 MP: 4/4
  2478 | D:4      | Reached XP level 5. HP: 43/43 MP: 5/5
  2578 | D:4      | Found a white marble altar of Elyvilon.
  2670 | D:4      | Found a staircase to the Ecumenical Temple.
  2678 | Temple   | Entered the Ecumenical Temple
  2746 | Temple   | Became a worshipper of Gozag Ym Sagoz the Greedy
  2933 | D:4      | Reached skill level 5 in Fighting
  3052 | D:4      | Noticed an ogre
  3054 | D:4      | Noticed a black bear
  3064 | D:4      | Killed an ogre
  3064 | D:4      | Reached XP level 6. HP: 26/51 MP: 6/6
  3614 | D:5      | Entered Level 5 of the Dungeon
  3677 | D:5      | Found a shimmering blue altar of Sif Muna.
  3744 | D:5      | Noticed an ice beast
  3759 | D:5      | Killed an ice beast
  3839 | D:5      | Reached skill level 6 in Fighting
  3839 | D:5      | Reached XP level 7. HP: 58/58 MP: 7/7
  4084 | D:5      | Reached skill level 5 in Maces & Flails
  4396 | D:5      | Found a glowing golden altar of the Shining One.
  4680 | D:6      | Reached skill level 7 in Fighting
  4836 | D:6      | Reached XP level 8. HP: 67/67 MP: 8/8
  5033 | D:6      | Got a translucent scale mail
  5044 | D:6      | Identified the +6 scale mail of Oppid {+Blink rC- Str+3
                  | Dex+3} (You found it on level 6 of the Dungeon)
  5077 | D:6      | Got a masterwork scale mail
  5088 | D:6      | Identified the +10 scale mail "Kemaef" {rC+ Int+4 Stlth+}
                  | (You found it on level 6 of the Dungeon)
  5133 | D:6      | Found a basalt altar of Yredelemnul.
  5247 | D:6      | Noticed Grinder
  5285 | D:6      | Killed Grinder
  5285 | D:6      | Reached skill level 8 in Fighting
  5949 | D:7      | Reached XP level 9. HP: 75/75 MP: 9/9
  6024 | D:7      | Reached skill level 9 in Fighting
  6416 | D:8      | Noticed Prince Ribbit
  6633 | D:7      | HP: 3/76 [Prince Ribbit (15)]
  6634 | D:7      | Slain by Prince Ribbit

Illustrated notes

Levels and vault maps discovered:
D:1:      minmay_arrival_five_plusses, layout_basic, dk_noncrumbling_2,
          minmay_vboxes
D:2:      layout_rooms, regret_index_temple_of_mockery, lemuel_crystal_altar,
          bloody_trog, first_ration, uniq_crazy_yiuf_cottage
D:3:      layout_loops_ring, lemuel_crystal_altar, lemuel_doored_altar,
          chequers_ecumenical_altar_simple_redux
D:4:      black_bear_nest_1, layout_rooms, elyvilon_altar_5,
          minmay_temple_entry_junction, serial_rivers,
          chequers_serial_rivers_room_b, chequers_serial_rivers_small_b,
          chequers_serial_rivers_small_3, chequers_serial_rivers_micro_a,
          chequers_serial_rivers_small_a, minmay_lizard_king
D:5:      layout_loops_corners, kennysheep_mini_moat,
          nicolae_tso_swordbearing_angel
D:6:      layout_cave_pools, lemuel_round_altar, serial_undead, serial_undead_f,
          serial_undead_b, serial_undead_e, serial_undead_a, serial_undead_f,
          uniq_grinder
D:7:      layout_basic
D:8:      layout_rooms, nicolae_qazlal_style_of_elements,
          overflow_temple_1_default, uniq_prince_ribbit1
Temple:   jpeg_temple_alley_garden

Skill      XL: |  1  2  3  4  5  6  7  8  9 |
---------------+----------------------------+-----
Maces & Flails | 2 3 4 5 7 |  7.5
Fighting       | 4 5 6 7 8 9 |  9.2
Armour         | |  2.4
Shields        | |  2.4

Action                   |  1- 3 |  4- 6 |  7- 9 || total
-------------------------+-------+-------+-------++-------
Melee: Flail             |   201 |   188 |   300 ||   689
Throw: Javelin           |       |     1 |       ||     1
  Use: Scroll            |     7 |     4 |       ||    11
Armor: Scale mail        |   119 |    94 |   101 ||   314
Dodge: Dodged            |    74 |    55 |    62 ||   191
Block: Kite shield       |   148 |   161 |   253 ||   562
       Reflection        |       |       |     8 ||     8

Table legend:
 A = Non-vault XP
 B = Vault XP
 C = Vault XP percentage of total XP
 D = Non-vault monster count
 E = Vault monster count
 F = Vault count percentage of total count
                 A         B        C        D         E       F
            +---------+---------+-------+---------+---------+-------
      Total |    2505 |     824 |  24.8 |      99 |      34 |  25.6
            +---------+---------+-------+---------+---------+-------
        D:1 |      37 |      13 |  26.0 |      23 |       8 |  25.8
        D:2 |      33 |       0 |   0.0 |      10 |       0 |   0.0
        D:3 |      99 |       0 |   0.0 |      15 |       0 |   0.0
        D:4 |     207 |     185 |  47.2 |      12 |      12 |  50.0
        D:5 |     639 |       0 |   0.0 |      13 |       0 |   0.0
        D:6 |     270 |     626 |  69.9 |       7 |      14 |  66.7
        D:7 |    1220 |       0 |   0.0 |      19 |       0 |   0.0
            +---------+---------+-------+---------+---------+-------
